[Event "2024 Mary Thomson Cup (Division C)"]
[Site "Woodvale, Perth WA AUS"]
[Date "2024.02.28"]
[Round "5"]
[White "Curtis, Calan"]
[Black "Bhatia, Abhay"]
[Result "0-1"]
[ECO "D06"]
[WhiteElo "1628"]
[BlackElo "1730"]
[PlyCount "59"]
[EventDate "2024.01.31"]
[EventType "tourn"]
[EventRounds "7"]
[EventCountry "AUS"]
[TimeControl "3600+30"]

1. d4 d5 2. Nf3 Nf6 3. e3 Bf5 4. c4 e6 5. Qb3 b6 6. g3 c5 7. cxd5 exd5 8. Bb5+
Bd7 9. Nc3 c4 10. Bxd7+ Nbxd7 11. Qc2 Bd6 12. e4 dxe4 13. Nxe4 Qe7 14. Nfd2 Bb4
15. O-O O-O 16. Nxf6+ Nxf6 17. Qxc4 Rfc8 18. Qd3 Rd8 19. a3 Bc5 20. Nb3 Bd6 21.
Bg5 h6 22. Rfe1 Qd7 23. Bxf6 gxf6 24. Nd2 Be5 25. Nf3 Qg4 26. Nxe5 fxe5 27. Re4
Qg6 28. Rae1 exd4 29. Rxd4 Qxd3 30. Re8+ 0-1

[Event "2024 Mary Thomson Cup (Division C)"]
[Site "Woodvale, Perth WA AUS"]
[Date "2024.02.28"]
[Round "5"]
[White "Hintz, Steven"]
[Black "Michael, Ashley"]
[Result "0-1"]
[ECO "C24"]
[WhiteElo "1581"]
[BlackElo "1560"]
[PlyCount "24"]
[EventDate "2024.01.31"]
[EventType "tourn"]
[EventRounds "7"]
[EventCountry "AUS"]
[TimeControl "3600+30"]

1. e4 Nf6 2. Nc3 e5 3. Bc4 Bc5 4. Nf3 d6 5. h3 O-O 6. O-O h6 7. d3 a6 8. Kh1 b5
9. Bb3 Bb7 10. a3 Nc6 11. Be3 Nd4 12. Nxd4 exd4 0-1

[Event "2024 Mary Thomson Cup (Division D)"]
[Site "Woodvale, Perth WA AUS"]
[Date "2024.02.28"]
[Round "5"]
[White "Boswarva, Ernest"]
[Black "Hounsome, David"]
[Result "1-0"]
[ECO "D04"]
[WhiteElo "1497"]
[BlackElo "1406"]
[PlyCount "61"]
[EventDate "2024.01.31"]
[EventType "tourn"]
[EventRounds "7"]
[EventCountry "AUS"]
[TimeControl "3600+30"]

1. d4 d5 2. Nf3 Nf6 3. e3 c5 4. dxc5 Qc7 5. b4 a5 6. c3 axb4 7. cxb4 Bd7 8. Nc3
e6 9. Bb2 Be7 10. a4 Nc6 11. Nb5 Qd8 12. Bxf6 Bxf6 13. Nd6+ Ke7 14. b5 Qa5+ 15.
Nd2 Nd8 16. Ra2 Bc3 17. Be2 Bxd2+ 18. Qxd2 Qxd2+ 19. Kxd2 Ra7 20. a5 f5 21.
Rha1 Nf7 22. b6 Raa8 23. Nxb7 Bc6 24. a6 Bxb7 25. axb7 Rab8 26. c6 Nd6 27. Ra8
Nc4+ 28. Bxc4 dxc4 29. Rxb8 Rxb8 30. c7 Kd7 31. cxb8=Q 1-0

[Event "2024 Mary Thomson Cup (Division D)"]
[Site "Woodvale, Perth WA AUS"]
[Date "2024.02.28"]
[Round "5"]
[White "Hagendoorn, Mark"]
[Black "Weijermars, Tristan"]
[Result "0-1"]
[ECO "B34"]
[WhiteElo "1483"]
[BlackElo "1515"]
[PlyCount "74"]
[EventDate "2024.01.31"]
[EventType "tourn"]
[EventRounds "7"]
[EventCountry "AUS"]
[TimeControl "3600+30"]

1. e4 c5 2. Nf3 Nc6 3. Nc3 g6 4. d4 cxd4 5. Nxd4 Bg7 6. Be3 e6 7. Qd2 Nge7 8.
Bc4 O-O 9. O-O Na5 10. Be2 d5 11. exd5 Nxd5 12. Nxd5 Qxd5 13. Bf3 Qd8 14. Rad1
Nc4 15. Qc3 Nxe3 16. Qxe3 Qb6 17. b3 e5 18. Ne2 Qxe3 19. fxe3 Rb8 20. Bd5 b5
21. c4 bxc4 22. Bxc4 Bg4 23. Rd2 Bxe2 24. Rxe2 Rbd8 25. Ref2 Bh6 26. Rxf7 Rxf7
27. e4 Rdf8 28. Rd1 Kg7 29. Bxf7 Rxf7 30. g3 Be3+ 31. Kg2 Rf2+ 32. Kh3 Rxa2 33.
Rd7+ Kh6 34. g4 Ra3 35. Rb7 Bf4 36. Kh4 Ra2 37. h3 g5# 0-1

[Event "2024 Mary Thomson Cup (Division D)"]
[Site "Woodvale, Perth WA AUS"]
[Date "2024.02.28"]
[Round "5"]
[White "Nauom, Rafik"]
[Black "Walker, Colin"]
[Result "0-1"]
[ECO "A00"]
[WhiteElo "1445"]
[BlackElo "1429"]
[PlyCount "90"]
[EventDate "2024.01.31"]
[EventType "tourn"]
[EventRounds "7"]
[EventCountry "AUS"]
[TimeControl "3600+30"]

1. d3 d6 2. Nc3 Nf6 3. Bg5 c6 4. e4 Nbd7 5. Nf3 g6 6. Qd2 h6 7. Be3 Bg7 8. Be2
h5 9. h3 Nf8 10. e5 dxe5 11. Nxe5 N8d7 12. Nf3 Nf8 13. Ng5 Ne6 14. Nf3 Nd5 15.
Nxd5 Qxd5 16. c3 Qd8 17. Bf4 Nxf4 18. Qxf4 Qd6 19. Qe3 O-O 20. Nh2 Be6 21. g4
hxg4 22. Bxg4 Qe5 23. Qxe5 Bxe5 24. Bxe6 fxe6 25. Ng4 Bg7 26. Rg1 Kf7 27. Rg3
Rh8 28. Ke2 Bf6 29. Rf3 Rh5 30. d4 Kg7 31. Rg1 Rah8 32. Rh1 e5 33. Rd1 exd4 34.
Nxf6 exf6 35. Rxd4 Rf8 36. c4 Rf7 37. Rfd3 Re5+ 38. Kf3 Rfe7 39. b4 g5 40. a4
a6 41. Kg4 Kg6 42. Rd6 Re4+ 43. Kg3 Rxc4 44. Rb3 Rce4 45. Kf3 R4e5 {Scoresheet
not clear} 0-1

[Event "2024 Mary Thomson Cup (Division E)"]
[Site "Woodvale, Perth WA AUS"]
[Date "2024.02.28"]
[Round "5"]
[White "Otis, Max"]
[Black "Lanham, Bruce"]
[Result "1-0"]
[ECO "B11"]
[WhiteElo "1348"]
[BlackElo "1255"]
[PlyCount "73"]
[EventDate "2024.01.31"]
[EventType "swiss"]
[EventRounds "7"]
[EventCountry "AUS"]
[TimeControl "3600+30"]

1. e4 c6 2. Nf3 d5 3. Nc3 dxe4 4. Nxe4 Nf6 5. Qe2 Nxe4 6. Qxe4 Nd7 7. Bc4 Nf6
8. Ne5 e6 9. Qe2 b5 10. Nxc6 Qb6 11. Bxb5 Bd7 12. Nxa7 Rxa7 13. Bxd7+ Rxd7 14.
O-O Be7 15. a4 Qc6 16. c3 O-O 17. b4 Ra8 18. b5 Qb6 19. d4 Rda7 20. Qc2 Ra5 21.
Qb3 Qa7 22. b6 Qa6 23. Bf4 Qb7 24. c4 R8a6 25. Rfb1 Nh5 26. Bd2 Rf5 27. a5 Nf6
28. Bb4 Bxb4 29. Qxb4 Rf4 30. Qd6 g5 31. c5 Ne8 32. Qe5 f6 33. Qxe6+ Qf7 34.
Qxf7+ Kxf7 35. b7 Rxd4 36. b8=Q Re6 37. a6 1-0

[Event "2024 Mary Thomson Cup (Division E)"]
[Site "Woodvale, Perth WA AUS"]
[Date "2024.02.28"]
[Round "5"]
[White "Powell, Darren"]
[Black "Dawoud, Ahmad"]
[Result "0-1"]
[ECO "C50"]
[WhiteElo "1303"]
[BlackElo "1150"]
[PlyCount "82"]
[EventDate "2024.01.31"]
[EventType "swiss"]
[EventRounds "7"]
[EventCountry "AUS"]
[TimeControl "3600+30"]

1. e4 e5 2. Nc3 Bc5 3. Nf3 Nc6 4. Bc4 d6 5. h3 h6 6. d3 Nf6 7. a3 a5 8. Bd2 Bd7
9. Nd5 Bd4 10. c3 Bb6 11. Qb3 a4 12. Qa2 Nxd5 13. Bxd5 O-O 14. O-O Na5 15. b4
axb3 16. Bxb3 Nxb3 17. Qxb3 c5 18. Rfb1 Ra6 19. Be3 Bc6 20. Nd2 d5 21. Nf1 dxe4
22. dxe4 Bxe4 23. Rd1 Bd3 24. c4 e4 25. Ng3 f5 26. Qb2 Qe8 27. Qc1 Qg6 28. Bf4
Rf7 29. Ra2 Bc7 30. Bxc7 Rxc7 31. Qf4 Rf7 32. Qb8+ Kh7 33. Qc8 f4 34. Ne2 Bxe2
35. Rd8 Qg5 36. Rh8+ Kg6 37. Qg8 f3 38. Qh7+ Kh5 39. g4+ Kh4 40. Qxe4 Kxh3 41.
Rc2 Rxa3 {Time expired} 0-1

[Event "2024 Mary Thomson Cup (Division E)"]
[Site "Woodvale, Perth WA AUS"]
[Date "2024.02.28"]
[Round "5"]
[White "Gough, Sebastian"]
[Black "Owen, Geoff"]
[Result "0-1"]
[ECO "A40"]
[WhiteElo "1206"]
[BlackElo "1104"]
[PlyCount "70"]
[EventDate "2024.01.31"]
[EventType "swiss"]
[EventRounds "7"]
[EventCountry "AUS"]
[TimeControl "3600+30"]

1. d4 g6 2. Bf4 f5 3. Nc3 d5 4. e3 Nf6 5. Nf3 a6 6. Ne5 Bg7 7. Bd3 Nbd7 8. Qf3
c6 9. Qg3 Nh5 10. Qf3 Nxf4 11. exf4 Qb6 12. Nxd7 Bxd7 13. O-O-O Bxd4 14. Rhf1
Bxc3 15. bxc3 a5 16. Rde1 d4 17. Qe2 e6 18. Qe5 O-O-O 19. Qxd4 Qxd4 20. cxd4 a4
21. Bc4 Rhe8 22. Re2 b5 23. Bd3 Kc7 24. Kb2 b4 25. Bc4 Bc8 26. Rd1 c5 27. d5
exd5 28. Rxe8 Rxe8 29. Rxd5 Kc6 30. Re5 Rd8 31. Re3 Rd4 32. Be2 Rxf4 33. Bf3+
Kb5 34. Re8 a3+ 35. Kb3 c4# 0-1

[Event "2024 Mary Thomson Cup (Division E)"]
[Site "Woodvale, Perth WA AUS"]
[Date "2024.02.28"]
[Round "5"]
[White "Young, Manfred"]
[Black "Porteus, Grant"]
[Result "0-1"]
[ECO "D03"]
[WhiteElo "1205"]
[BlackElo "1184"]
[PlyCount "102"]
[EventDate "2024.01.31"]
[EventType "swiss"]
[EventRounds "7"]
[EventCountry "AUS"]
[TimeControl "3600+30"]

1. d4 d5 2. Nf3 Nf6 3. Nc3 e6 4. Bg5 Be7 5. Ne5 h6 6. Bh4 Nbd7 7. e3 c5 8. Bb5
O-O 9. Bxd7 Nxd7 10. Bxe7 Qxe7 11. Nxd7 Bxd7 12. dxc5 Bc6 13. O-O Rfd8 14. b4
a6 15. Qg4 e5 16. Rfd1 Bd7 17. Qh5 Bc6 18. Ne2 a5 19. c3 f6 20. Rd2 Ba4 21. Qf3
Bc6 22. Qf5 Bd7 23. Qc2 f5 24. Rad1 a4 25. Rxd5 a3 26. Qb1 g6 27. Rd6 Kf7 28.
h3 Ba4 29. R1d2 Rxd6 30. Rxd6 Ra6 31. Qd3 Rxd6 32. Qxd6 Bc6 33. c4 Bd7 34. Nc3
Qe6 35. Qxe6+ Bxe6 36. Nd5 h5 37. f3 g5 38. Kh2 f4 39. exf4 exf4 40. g3 Bf5 41.
Nc3 Kf6 42. b5 Ke6 43. g4 hxg4 44. hxg4 Bd3 45. Ne4 Bxc4 46. Kg1 Ke5 47. Nd2
Bxb5 48. Nb1 Kd5 49. c6 bxc6 50. Nxa3 Kc5 51. Nxb5 Kxb5 {Scoresheet not clear}
0-1

[Event "2024 Mary Thomson Cup (Division E)"]
[Site "Woodvale, Perth WA AUS"]
[Date "2024.02.28"]
[Round "5"]
[White "Bordas, Lindsay"]
[Black "Markou, Victor"]
[Result "1-0"]
[ECO "C41"]
[WhiteElo "1164"]
[BlackElo "1004"]
[PlyCount "57"]
[EventDate "2024.01.31"]
[EventType "swiss"]
[EventRounds "7"]
[EventCountry "AUS"]
[TimeControl "3600+30"]

1. e4 e5 2. Nf3 d6 3. Bc4 f6 4. O-O Ne7 5. d4 c6 6. dxe5 b5 7. Bb3 Nd7 8. exd6
Ng6 9. Re1 Nge5 10. Nxe5 Nxe5 11. Bf4 c5 12. a3 Nc4 13. Bxc4 bxc4 14. Qd5 Rb8
15. d7+ Bxd7 16. Bxb8 Qxb8 17. Ra2 Qc8 18. e5 Be6 19. exf6 Kf7 20. Qf3 Qd8 21.
Rd1 Qc8 22. Nc3 Bg4 23. Qd5+ Be6 24. Qg5 gxf6 25. Qh5+ Ke7 26. Nd5+ Bxd5 27.
Rxd5 Qe6 28. Ra1 Bg7 29. Rad1 1-0

[Event "2024 Mary Thomson Cup (Division A)"]
[Site "Woodvale, Perth WA AUS"]
[Date "2024.03.06"]
[Round "6"]
[White "Elkington, Derek"]
[Black "Wolstencroft, Alan"]
[Result "1-0"]
[ECO "B95"]
[WhiteElo "1896"]
[BlackElo "1900"]
[PlyCount "89"]
[EventDate "2024.01.31"]
[EventType "tourn"]
[EventRounds "7"]
[EventCountry "AUS"]
[TimeControl "3600+30"]

1. e4 c5 2. Nf3 d6 3. d4 cxd4 4. Nxd4 Nf6 5. Nc3 a6 6. Bg5 e6 7. Qf3 h6 8. Be3
e5 9. Nb3 Be6 10. h3 Nbd7 11. Rd1 Qc7 12. Be2 Rc8 13. g4 Be7 14. Qg2 b5 15. Nd5
Bxd5 16. exd5 Nb6 17. c3 Nc4 18. Bc1 g5 19. h4 Kd7 20. Bd3 Rcg8 21. Bf5+ Ke8
22. hxg5 hxg5 23. Rxh8 Rxh8 24. Nd2 Nb6 25. Nf1 Qc4 26. Bxg5 Nfxd5 27. Bxe7
Kxe7 28. Ne3 Nxe3 29. fxe3 d5 30. e4 d4 31. cxd4 exd4 32. e5 Nd5 33. Qe4 Ne3
34. Rxd4 Qc1+ 35. Kf2 Rh2+ 36. Kg3 Qg1+ 37. Kf4 Qf2+ 38. Qf3 Qxf3+ 39. Kxf3
Nxf5 40. gxf5 Rxb2 41. a4 b4 42. Rd6 a5 43. Ra6 Rc2 44. Rxa5 b3 45. Rb5 {
Time expired} 1-0

[Event "2024 Mary Thomson Cup (Division A)"]
[Site "Woodvale, Perth WA AUS"]
[Date "2024.03.06"]
[Round "6"]
[White "Maris, Rob"]
[Black "Curthoys, Edward"]
[Result "1-0"]
[ECO "A21"]
[WhiteElo "2089"]
[BlackElo "1906"]
[PlyCount "85"]
[EventDate "2024.01.31"]
[EventType "tourn"]
[EventRounds "7"]
[EventCountry "AUS"]
[TimeControl "3600+30"]

1. c4 e5 2. Nc3 Bb4 3. g3 Bxc3 4. dxc3 d6 5. Bg2 Ne7 6. e4 O-O 7. Be3 f5 8. Ne2
Nbc6 9. Qd2 Be6 10. b3 fxe4 11. Bxe4 Nf5 12. Bg5 Qe8 13. g4 Nfe7 14. Bd5 Qf7
15. O-O-O a5 16. Ng3 Nd8 17. Bxe7 Qxe7 18. Rdf1 Bxd5 19. cxd5 Rf4 20. f3 b5 21.
Nh5 Rf8 22. f4 b4 23. fxe5 Qxe5 24. Rxf8+ Kxf8 25. Qf4+ Nf7 26. Qxe5 Nxe5 27.
Rf1+ Kg8 28. h3 a4 29. Kc2 axb3+ 30. Kxb3 Ra3+ 31. Kxb4 Rxa2 32. Nf4 Rd2 33.
Ne6 h6 34. Rf8+ Kh7 35. Nxc7 Rb2+ 36. Ka4 Rc2 37. Nb5 Nd7 38. Kb3 Rh2 39. Rd8
Nc5+ 40. Kc4 Rxh3 41. Nxd6 Na4 42. Ne4 h5 43. Ng5+ 1-0

[Event "2024 Mary Thomson Cup (Division A)"]
[Site "Woodvale, Perth WA AUS"]
[Date "2024.03.06"]
[Round "6"]
[White "Plaganyi, Gyula"]
[Black "Clarke, Daniel"]
[Result "0-1"]
[ECO "D01"]
[WhiteElo "2053"]
[WhiteTitle "CM"]
[BlackElo "1922"]
[PlyCount "60"]
[EventDate "2024.01.31"]
[EventType "tourn"]
[EventRounds "7"]
[EventCountry "AUS"]
[TimeControl "3600+30"]

1. d4 d5 2. Nc3 Nf6 3. Bg5 Nbd7 4. Nf3 e6 5. e3 Be7 6. Bd3 O-O 7. O-O a6 8. Ne5
Nxe5 9. dxe5 Nd7 10. Bxe7 Qxe7 11. f4 Nc5 12. Be2 f6 13. exf6 Rxf6 14. Bf3 c6
15. Qd2 b5 16. g3 Bb7 17. Rae1 Rd8 18. Qe2 b4 19. Nd1 a5 20. Rf2 Rdf8 21. c3
Ba6 22. Qd2 Nd3 23. cxb4 Nxe1 24. Qxe1 axb4 25. e4 d4 26. e5 R6f7 27. Bxc6 Bb7
28. Qe4 Rc8 29. Rc2 Rxc6 30. Rxc6 Qd7 0-1

[Event "2024 Mary Thomson Cup (Division A)"]
[Site "Woodvale, Perth WA AUS"]
[Date "2024.03.06"]
[Round "6"]
[White "Saxon, Marc"]
[Black "Gibson, Jacob"]
[Result "0-1"]
[ECO "C52"]
[WhiteElo "2034"]
[BlackElo "1976"]
[PlyCount "136"]
[EventDate "2024.01.31"]
[EventType "tourn"]
[EventRounds "7"]
[EventCountry "AUS"]
[TimeControl "3600+30"]

1. e4 e5 2. Nf3 Nc6 3. Bc4 Bc5 4. b4 Bxb4 5. c3 Ba5 6. O-O Nf6 7. d4 d6 8. dxe5
dxe5 9. Qb3 O-O 10. Ba3 Nxe4 11. Bxf8 Qxf8 12. Bd5 Nc5 13. Qa3 Bb6 14. Bxc6
bxc6 15. Nxe5 Qd6 16. Nc4 Qf4 17. Nxb6 cxb6 18. Qb4 Qg5 19. f4 Qe7 20. Qd4 Ne6
21. Qe3 Ba6 22. Rd1 Qf6 23. g3 Qf5 24. Nd2 Re8 25. Ne4 Qg4 26. Rd7 Ra8 27. Rad1
h6 28. f5 Nf8 29. Rd8 Rxd8 30. Rxd8 Qxf5 31. Nf2 Qb1+ 32. Kg2 Bc4 33. Qe7 Bd5+
34. Kh3 Qf5+ 35. Ng4 h5 36. Qxf8+ Kh7 37. Qh8+ Kg6 38. Rd6+ f6 39. Qe8+ Kh7 40.
Rxd5 Qxg4+ 41. Kg2 cxd5 42. Qf7 Qe2+ 43. Kh3 Qg4+ 44. Kg2 Qe4+ 45. Kh3 Qf5+ 46.
Kg2 h4 47. gxh4 Qe4+ 48. Kg3 Qe3+ 49. Kg2 Qd2+ 50. Kg1 Qc1+ 51. Kg2 Qb2+ 52.
Kg1 Qa1+ 53. Kg2 Qxa2+ 54. Kg3 Qe2 55. h5 Qe5+ 56. Kg2 Qg5+ 57. Kf2 a5 58. Ke2
Qg2+ 59. Kd3 Qe4+ 60. Kd2 a4 61. c4 dxc4 62. Kc3 Qd3+ 63. Kb4 a3 64. h6 Kxh6
65. Qe8 a2 66. Qh8+ Qh7 67. Qa8 Qb1+ 68. Kxc4 a1=Q 0-1

[Event "2024 Mary Thomson Cup (Division B)"]
[Site "Woodvale, Perth WA AUS"]
[Date "2024.03.06"]
[Round "6"]
[White "Deng, Eric"]
[Black "Leonhardt, Wolfgang"]
[Result "1-0"]
[ECO "D02"]
[WhiteElo "1733"]
[BlackElo "1900"]
[PlyCount "101"]
[EventDate "2024.01.31"]
[EventType "tourn"]
[EventRounds "7"]
[EventCountry "AUS"]
[TimeControl "3600+30"]

1. Nf3 Nf6 2. g3 Nc6 3. d4 d5 4. Bg2 e6 5. O-O Bd6 6. Nbd2 O-O 7. Re1 Ne7 8.
Ne5 c5 9. e3 b5 10. c4 Rb8 11. b3 bxc4 12. bxc4 cxd4 13. exd4 dxc4 14. Ndxc4
Bb4 15. Re3 Nfd5 16. Rb3 f6 17. Nf3 Bd7 18. Qe2 Nc6 19. Be3 Na5 20. Nxa5 Qxa5
21. Bd2 Bxd2 22. Qxd2 Qxd2 23. Nxd2 Nb6 24. Rab1 Rbc8 25. Ne4 Rc2 26. R3b2 Rfc8
27. Nc5 Rxb2 28. Rxb2 Rc7 29. Re2 Kf7 30. Bh3 f5 31. f4 Bc8 32. Bg2 Nd5 33.
Bxd5 exd5 34. Re5 g6 35. Rxd5 Rc6 36. Rd8 h5 37. Kf2 Ke7 38. Rh8 Be6 39. Ra8
Rc7 40. a4 Kd6 41. Re8 Bf7 42. Rd8+ Kc6 43. Ke3 Bc4 44. Nd3 Bb3 45. d5+ Kb7 46.
d6 Rc4 47. d7 Re4+ 48. Kd2 Kc7 49. Rf8 Rd4 50. Kc3 Rxd7 51. Ne5 1-0

[Event "2024 Mary Thomson Cup (Division B)"]
[Site "Woodvale, Perth WA AUS"]
[Date "2024.03.06"]
[Round "6"]
[White "De Yaak, Peter"]
[Black "Roebuck, Derek"]
[Result "0-1"]
[ECO "C20"]
[WhiteElo "1897"]
[BlackElo "1781"]
[PlyCount "86"]
[EventDate "2024.01.31"]
[EventType "tourn"]
[EventRounds "7"]
[EventCountry "AUS"]
[TimeControl "3600+30"]

1. e4 e5 2. c3 d5 3. exd5 Qxd5 4. b3 Nf6 5. c4 Qd8 6. Bb2 Nc6 7. Qe2 Bd6 8. d4
O-O 9. d5 Bb4+ 10. Bc3 Bxc3+ 11. Nxc3 Nd4 12. Qd2 Bf5 13. Bd3 Re8 14. Bxf5 Nxf5
15. Nge2 b6 16. O-O a5 17. Rad1 Nd6 {(=)} 18. Ng3 h6 19. Rfe1 Qd7 20. Re2 Rad8
21. Rde1 e4 22. Ncxe4 Nfxe4 23. Nxe4 Rxe4 24. Rxe4 Nxe4 25. Rxe4 Re8 26. Qe2
Rxe4 27. Qxe4 Kf8 28. g3 Qe7 29. Qxe7+ Kxe7 30. a3 Kd6 31. Kf1 a4 32. b4 b5 33.
Ke2 bxc4 34. Kd2 Kxd5 35. Kc3 h5 36. f3 g5 37. h3 f6 38. h4 gxh4 39. gxh4 f5
40. f4 c6 41. Kd2 Kd4 42. Kc2 c3 43. Kd1 Kd3 0-1

[Event "2024 Mary Thomson Cup (Division B)"]
[Site "Woodvale, Perth WA AUS"]
[Date "2024.03.06"]
[Round "6"]
[White "Janceski, Alex"]
[Black "Gough, Dylan"]
[Result "1-0"]
[ECO "D02"]
[WhiteElo "1887"]
[BlackElo "1784"]
[PlyCount "107"]
[EventDate "2024.01.31"]
[EventType "tourn"]
[EventRounds "7"]
[EventCountry "AUS"]
[TimeControl "3600+30"]

1. d4 Nf6 2. Nf3 e6 3. g3 d5 4. Bg2 Be7 5. O-O Nbd7 6. Nbd2 b6 7. c4 Bb7 8. Qc2
c6 9. b3 Rc8 10. Ne5 Qc7 11. Bb2 O-O 12. Rac1 c5 13. Nxd7 Nxd7 14. cxd5 Bxd5
15. e4 Ba8 16. Rfe1 Qd8 17. d5 exd5 18. exd5 Bf6 19. Rcd1 Re8 20. Nc4 Rxe1+ 21.
Rxe1 Bxb2 22. Qxb2 Nf6 23. Rd1 b5 24. Ne3 Qd7 25. Qe2 Re8 26. Qd3 Bb7 27. h4
Bc8 28. Rc1 Qe7 29. Qxb5 Ne4 30. Bxe4 Qxe4 31. Rc4 Qb1+ 32. Kh2 Rxe3 33. Qxc5
Re8 34. Qxc8 Qe1 35. Qf5 g6 36. Qf6 Qe5 37. Qxe5 Rxe5 38. Ra4 Rxd5 39. Rxa7 Rb5
40. Kg2 Kg7 41. Ra4 h5 42. b4 Kf6 43. a3 Ke6 44. Ra5 Rb6 45. b5 Kd5 46. a4 Kc5
47. Ra7 Kb4 48. Ra6 Rb7 49. b6 f6 50. a5 Kb5 51. Ra7 Kc6 52. Rxb7 Kxb7 53. Kf3
g5 54. Ke4 1-0

[Event "2024 Mary Thomson Cup (Division B)"]
[Site "Woodvale, Perth WA AUS"]
[Date "2024.03.06"]
[Round "6"]
[White "Balavignan, Ashvin"]
[Black "Doshi, Chirag"]
[Result "1-0"]
[ECO "D37"]
[WhiteElo "1839"]
[BlackElo "1836"]
[PlyCount "91"]
[EventDate "2024.01.31"]
[EventType "tourn"]
[EventRounds "7"]
[EventCountry "AUS"]
[TimeControl "3600+30"]

1. d4 d5 2. c4 e6 3. Nf3 Nf6 4. Nc3 Be7 5. Bf4 O-O 6. e3 b6 7. cxd5 exd5 8. Bd3
Bg4 9. h3 Bh5 10. O-O c6 11. Be2 Bxf3 12. Bxf3 Bd6 13. Bxd6 Qxd6 14. Rc1 Nbd7
15. Qc2 Rac8 16. Rfd1 Rfe8 17. Qa4 a5 18. Qc2 Nf8 19. a4 Ng6 20. g3 Qd7 21. Kg2
h6 22. Qd3 Nh7 23. h4 f5 24. Ne2 Nf6 25. h5 Nf8 26. Nf4 Ne4 27. Rc2 Ne6 28. Ng6
N6g5 29. Be2 Rc7 30. Rdc1 Rec8 31. Qa6 c5 32. Qxb6 Qxa4 33. Ba6 Rc6 34. Ne7+
Kh7 35. Nxc6 Rxc6 36. Qb5 Qxb5 37. Bxb5 Rb6 38. Bd7 cxd4 39. Bxf5+ Kg8 40. Rc8+
Kf7 41. R1c7+ Kf6 42. Rf8+ Ke5 43. f4+ Kd6 44. Rd7+ Kc5 45. Rc8+ Kb5 46. fxg5
1-0

[Event "2024 Mary Thomson Cup (Division C)"]
[Site "Woodvale, Perth WA AUS"]
[Date "2024.03.06"]
[Round "6"]
[White "Bhatia, Abhay"]
[Black "Hintz, Steven"]
[Result "0-1"]
[ECO "B30"]
[WhiteElo "1730"]
[BlackElo "1581"]
[PlyCount "64"]
[EventDate "2024.01.31"]
[EventType "tourn"]
[EventRounds "7"]
[EventCountry "AUS"]
[TimeControl "3600+30"]

1. e4 c5 2. Nf3 Nc6 3. Bc4 e6 4. Nc3 g6 5. d4 cxd4 6. Nxd4 Bg7 7. Ndb5 Be5 8.
O-O a6 9. Nd6+ Bxd6 10. Qxd6 Qe7 11. Qg3 f6 12. Kh1 Qf7 13. f4 b5 14. Bb3 Na5
15. f5 Nxb3 16. fxe6 dxe6 17. axb3 Ne7 18. Nxb5 O-O 19. Rd1 Nc6 20. Bh6 Rd8 21.
Rxd8+ Nxd8 22. Qd6 Bb7 23. Nc7 Rc8 24. Rd1 Nc6 25. Nxe6 Re8 26. Nd8 Nxd8 27.
Qxd8 Bc6 28. Qd6 Bxe4 29. h3 Bxc2 30. Rc1 Be4 31. Rc7 Qxb3 32. Qxf6 Qxh3+ 0-1

[Event "2024 Mary Thomson Cup (Division C)"]
[Site "Woodvale, Perth WA AUS"]
[Date "2024.03.06"]
[Round "6"]
[White "Oswald, Franz"]
[Black "Curtis, Calan"]
[Result "1-0"]
[ECO "B38"]
[WhiteElo "1693"]
[BlackElo "1628"]
[PlyCount "67"]
[EventDate "2024.01.31"]
[EventType "tourn"]
[EventRounds "7"]
[EventCountry "AUS"]
[TimeControl "3600+30"]

1. d4 Nf6 2. c4 g6 3. Nc3 Bg7 4. e4 d6 5. f3 O-O 6. Be3 c5 7. Nge2 cxd4 8. Nxd4
Nc6 9. Qd2 Re8 10. Be2 a6 11. O-O e5 12. Nc2 Qc7 13. Rad1 Rd8 14. Na4 Nd4 15.
Nxd4 exd4 16. Bxd4 Qc6 17. Nc3 Be6 18. Nd5 Bxd5 19. cxd5 Qd7 20. b3 Qe7 21. Rc1
Re8 22. Rc2 Rac8 23. Rfc1 Rxc2 24. Rxc2 Qf8 25. Qc3 Nd7 26. Bxg7 Qxg7 27. Qxg7+
Kxg7 28. Rc7 Nb6 29. Bd3 Rb8 30. a4 a5 31. Bb5 Kh6 32. Rxf7 Rc8 33. Rxb7 Rc1+
34. Kf2 1-0

[Event "2024 Mary Thomson Cup (Division C)"]
[Site "Woodvale, Perth WA AUS"]
[Date "2024.03.06"]
[Round "6"]
[White "Browning, Thomas"]
[Black "Akers, Gerard"]
[Result "0-1"]
[ECO "D38"]
[WhiteElo "1644"]
[BlackElo "1643"]
[PlyCount "84"]
[EventDate "2024.01.31"]
[EventType "tourn"]
[EventRounds "7"]
[EventCountry "AUS"]
[TimeControl "3600+30"]

1. d4 Nf6 2. c4 e6 3. Nc3 Bb4 4. Bd2 d5 5. Nf3 O-O 6. Bg5 Nbd7 7. Rc1 h6 8. Bf4
Ne4 9. a3 Nxc3 10. bxc3 Bxa3 11. Rc2 dxc4 12. e4 Nb6 13. Qd2 Be7 14. h4 Bd7 15.
Bxh6 f6 16. Bf4 Bc6 17. Qe2 Ba4 18. Rc1 Bb3 19. h5 a5 20. Nh4 e5 21. Bh6 Qd7
22. Bxg7 Kxg7 23. h6+ Kh7 24. Qh5 Rg8 25. Qf7+ Kh8 26. Ng6+ Rxg6 27. Qxg6 Rg8
28. Qf7 Bd8 29. Qh5 exd4 30. cxd4 Rg5 31. Qh3 Qxd4 32. Bxc4 Bxc4 33. Rd1 Qxe4+
34. Qe3 Qxe3+ 35. fxe3 Be7 36. Rd4 Bb4+ 37. Kf2 Rf5+ 38. Kg3 Rg5+ 39. Kh4 Kh7
40. Rf4 Kg6 41. g4 Bg8 42. Kg3 Bd6 0-1

[Event "2024 Mary Thomson Cup (Division D)"]
[Site "Woodvale, Perth WA AUS"]
[Date "2024.03.06"]
[Round "6"]
[White "Hounsome, David"]
[Black "Walker, Colin"]
[Result "1-0"]
[ECO "A01"]
[WhiteElo "1406"]
[BlackElo "1429"]
[PlyCount "85"]
[EventDate "2024.01.31"]
[EventType "tourn"]
[EventRounds "7"]
[EventCountry "AUS"]
[TimeControl "3600+30"]

1. b3 d6 2. Bb2 Nf6 3. e3 Nbd7 4. d4 c6 5. Nf3 Ne4 6. Bd3 Ndf6 7. c4 Bg4 8. Nc3
Ng5 9. Be2 Nxf3+ 10. Bxf3 Bf5 11. e4 Bg6 12. O-O h6 13. Re1 e6 14. d5 e5 15. b4
Be7 16. a4 O-O 17. Ba3 Re8 18. c5 cxd5 19. Nxd5 Bf8 20. Rc1 Nxd5 21. Qxd5 dxc5
22. bxc5 Qxd5 23. exd5 Rad8 24. a5 b6 25. axb6 axb6 26. Rc3 bxc5 27. Bxc5 e4
28. Bd1 Rxd5 29. Bxf8 Kxf8 30. Rce3 Red8 31. Bc2 Re5 32. f3 Rc5 33. Bxe4 Bxe4
34. Rxe4 Rcd5 35. Kf2 g6 36. Re7 Rd2+ 37. R1e2 R2d6 38. R7e4 f5 39. Re6 Kf7 40.
Re7+ Kf6 41. h4 h5 42. f4 Rd3 43. R2e6# 1-0

[Event "2024 Mary Thomson Cup (Division D)"]
[Site "Woodvale, Perth WA AUS"]
[Date "2024.03.18"]
[Round "6"]
[White "Leech, Martin"]
[Black "Nauom, Rafik"]
[Result "0-1"]
[ECO "C41"]
[WhiteElo "1547"]
[BlackElo "1445"]
[PlyCount "44"]
[EventDate "2024.01.31"]
[EventType "tourn"]
[EventRounds "7"]
[EventCountry "AUS"]
[TimeControl "3600+30"]

{Played away from club} 1. e4 d6 2. d4 e5 3. Nf3 Bg4 4. dxe5 Nc6 5. exd6 Bxd6
6. Nc3 Ne5 7. Be2 Nf6 8. Bg5 c6 9. Bxf6 Qxf6 10. Nxe5 Bxe2 11. Qxe2 Qxe5 12.
O-O-O O-O-O 13. Kb1 Bb4 14. Rd3 Rhe8 15. f3 f5 16. Rxd8+ Rxd8 17. Nd1 Rd2 18.
Qc4 Qd6 19. Kc1 Rxg2 20. Ne3 Qd2+ 21. Kb1 Qxe3 22. Qxb4 Rg1+ 0-1

[Event "2024 Mary Thomson Cup (Division D)"]
[Site "Woodvale, Perth WA AUS"]
[Date "2024.03.12"]
[Round "6"]
[White "Weijermars, Tristan"]
[Black "Knight, Charles"]
[Result "0-1"]
[ECO "B12"]
[WhiteElo "1515"]
[BlackElo "1474"]
[PlyCount "72"]
[EventDate "2024.01.31"]
[EventType "tourn"]
[EventRounds "7"]
[EventCountry "AUS"]
[TimeControl "3600+30"]

{Played away from club} 1. Nc3 Nf6 2. Nf3 g6 3. d4 Bg7 4. e4 d6 5. Bc4 O-O 6.
O-O Nxe4 7. Nxe4 d5 8. Bd3 dxe4 9. Bxe4 c6 10. c3 Nd7 11. Bf4 Nf6 12. Bd3 Nh5
13. Be3 b5 14. Ng5 h6 15. Ne4 Nf6 16. Nxf6+ exf6 17. Qd2 g5 18. f4 Be6 19. Rf2
Qd5 20. a3 Rad8 21. Raf1 c5 22. fxg5 fxg5 23. Bf5 cxd4 24. Bxe6 fxe6 25. Rxf8+
Rxf8 26. Rxf8+ Bxf8 27. Qxd4 Qxd4 28. Bxd4 a5 29. Kf2 a4 30. g4 Bd6 31. h3 Kf7
32. Ke2 e5 33. Be3 Ke6 34. Kd3 Kd5 35. Bf2 e4+ 36. Ke3 Bf4+ 0-1